 Dungeon Crawl Stone Soup version 0.31-a0-202-g547052bce9 (webtiles) character file.

Game seed: 7709331144767023578

46 CoordinateN the Chopper (level 3, -5/33 HPs)
             Began as a Minotaur Berserker on June 27, 2023.
             Was a Believer of Trog.
             Killed from afar by an orc wizard (8 damage)
             ... with a magic dart
             ... on level 2 of the Dungeon.
             The game lasted 00:02:52 (1256 turns).

CoordinateN the Chopper (Minotaur Berserker)        Turns: 1256, Time: 00:02:53

Health: -5/33      AC:  2    Str: 23    XL:     3   Next: 44%
Magic:  2/2        EV: 12    Int:  4    God:    Trog [**....]
Gold:   18         SH:  0    Dex:  9    Spells: 2/2 levels left

rFire   . . .        a - +0 hand axe
rCold   . . .        (no shield)
rNeg    . . .        b - +0 animal skin
rPois   .            (helmet restricted)
rElec   .            (no cloak)
rCorr   .            (no gloves)
SInv    .            (no boots)
Will    .....        (no amulet)
Stlth   +            (no ring)
HPRegen 0.25/turn    (no ring)
MPRegen 0.08/turn

%: no passive effects
@: on berserk cooldown, slowed, very slow
A: horns 2, retaliatory headbutt
a: Renounce Religion, Berserk, Trog's Hand


You were on level 2 of the Dungeon.
You worshipped Trog.
Trog was pleased with you.
You visited 1 branch of the dungeon, and saw 2 of its levels.

You collected 18 gold pieces.

Inventory:

Hand Weapons
 a - a +0 hand axe (weapon)
Armour
 b - a +0 animal skin (worn)
Jewellery
 d - an amulet of magic regeneration
Scrolls
 e - a scroll of blinking {unknown}
 g - a scroll of teleportation {unknown}
 h - a scroll of poison {unknown}
Potions
 c - a potion of mutation {unknown}
 f - a potion of cancellation {unknown}


   Skills:
 + Level 4.1 Fighting
 + Level 4.2 Axes
 + Level 3.1 Armour
 + Level 2.8 Dodging


You had 2 spell levels left.
You didn't know any spells.
Your spell library was empty.

Dungeon Overview and Level Annotations

Branches:
Dungeon (2/15)

Altars:


Innate Abilities, Weirdness & Mutations

You have a pair of horns on your head.
You reflexively headbutt those who attack you in melee.


Message History

You slash the orc!
You kill the orc!
Trog accepts your kill.
Items here: %% )).
You hit something. Your headbutt misses something. You miss something.
Something hits you.
You miss something. Something hits you.
You closely miss something. You closely miss something. Something hits you.
You miss something. Something hits you.
You miss something. You barely miss something. Your headbutt misses something.
Something hits you but does no damage.
You miss something. Your headbutt misses something. Something hits you.
You barely miss something. Something hits you.
You closely miss something. You hit something. Your headbutt misses something.
Something barely misses you.
You closely miss something. Your headbutt misses something. Something hits you.
The orc priest looks satisfied for a moment.
You miss something.
You are no longer berserk.
You are exhausted.
You feel yourself slow down.
You barely miss something. Something hits you. x2
You closely miss something. Something hits you. x2
You barely miss something. Your headbutt misses something. Something hits you.
You closely miss something. Your headbutt misses something.
You hear some strange, mumbled words.
Something tries to affect you, but you resist.
You hear some strange, mumbled words.
A magic dart appears from out of thin air!
The magic dart hits you.
* * * LOW HITPOINT WARNING * * *
You hit something. Something hits you.
* * * LOW HITPOINT WARNING * * *
You hit something.
You hear some strange, mumbled words.
A magic dart appears from out of thin air!
The magic dart hits you!
You die...

▒▒▒ ▒∙∙▒∙∙∙∙∙ ∙∙▒
▒∙∙▒∙▒▒▒∙
▒∙▒▒▒▒▒▒▒▒∙∙∙∙∙∙∙∙
▒▒∙∙∙∙∙∙∙∙∙∙∙∙∙∙∙∙∙
∙∙∙∙∙∙∙∙∙▒∙∙▒▒▒▒▒∙
▒∙▒▒▒▒▒▒∙▒∙∙▒▒▒∙▒∙ ▒∙▒
▒∙▒∙∙▒▒∙∙∙∙ ▒∙▒
▒∙▒∙∙∙∙∙∙∙∙ ▒@▒
▒∙▒∙∙▒▒∙∙∙∙ ▒▒▒▒▒▒▒{▒
▒∙▒∙∙▒▒▒∙▒∙ ∙∙∙∙∙∙oo▒
▒∙▒∙∙∙∙∙∙∙∙
▒▒▒▒▒▒▒o▒▒▒▒▒▒∙▒▒∙▒▒▒▒∙▒
▒∙∙o∙∙∙∙∙∙∙∙▒∙▒▒∙▒▒▒▒∙▒
▒o▒▒▒▒▒▒▒▒▒∙∙∙▒▒∙∙∙∙∙∙∙
▒S∙∙∙∙∙∙∙∙∙∙∙∙∙
▒▒∙∙▒▒▒▒▒▒▒∙▒
▒▒▒∙∙∙∙∙∙∙∙oo∙∙
▒∙∙▒▒▒▒▒▒▒∙▒
▒▒∙▒∙∙∙∙o∙∙∙∙
▒∙∙▒▒∙∙∙▒▒∙▒


You could see an orc priest and 2 orcs.

Vanquished Creatures
  A gnoll (D:1)
  2 orcs (D:2)
  2 endoplasms (D:1)
  A giant cockroach (D:2)
  3 hobgoblins (D:1)
  3 jackals (D:1)
  5 quokkas (D:1)
  A ball python (D:2)
  3 bats (D:1)
  5 kobolds
  4 rats (D:1)
30 creatures vanquished.

Notes
Turn   | Place    | Note
-------+----------+-------------------------------------------
     0 | D:1      | CoordinateN the Minotaur Berserker began the quest for the
                  | Orb.
     0 | D:1      | Reached XP level 1. HP: 19/19 MP: 0/0
   137 | D:1      | Reached XP level 2. HP: 27/27 MP: 1/1
   434 | D:1      | Found a faded altar of an unknown god.
   708 | D:1      | Reached ** piety under Trog
   709 | D:1      | Reached XP level 3. HP: 26/33 MP: 2/2
  1256 | D:2      | Killed from afar by an orc wizard

Illustrated notes

Levels and vault maps discovered:
D:1:      lemuel_arrival_river_passageway, layout_basic, basic_ecumenical_altar,
          minmay_tripent
D:2:      cheibrodos_pilgrimage, layout_loops_ring, uniq_terence, uniq_robin

Skill      XL: |  1  2 |
---------------+-------+-----
Axes           | 4 |  4.2
Fighting       | 4 |  4.1
Armour         | 3 |  3.1
Dodging        | |  2.8

Action                     || total
---------------------------++-------
  Melee: Hand axe          ||    74
         Headbutt          ||     9
 Invoke: Berserk           ||     2
   Stab: Sleeping          ||     1
 Armour: Animal skin       ||    12
  Dodge: Dodged            ||    37

Table legend: (Time is in decaauts)
 A = Elapsed time spent in this place.
 B = Non-inter-level travel time spent in this place.
 C = Inter-level travel time spent in this place.
 D = Time resting spent in this place.
 E = Time spent auto-exploring this place.
 F = Levels seen in this place.
 G = Mean time per level.
                   A        B        C        D        E       F      G
               +--------+--------+--------+--------+--------+-----+--------+
         Total |   1288 |   1239 |     49 |     48 |    947 |   2 |  644.0 |
       Dungeon |   1288 |   1239 |     49 |     48 |    947 |   2 |  644.0 |
               +--------+--------+--------+--------+--------+-----+--------+

Top non-repeatable levels by time:
     D:1: 1098 daAuts
     D:2: 190 daAuts
